 Dungeon Crawl Stone Soup version 0.31.0-32-g396128a36d (webtiles) character file.

Game seed: 8588971365139984565

3346 bearlyready the Skirmisher (level 10, -11/126 HPs)
             Began as a Gnoll Hunter on Mar 18, 2024.
             Was a Believer of Makhleb.
             Killed by divine providence
             ... invoked by an orc priest
              (16 damage)
             ... on level 8 of the Dungeon.
             The game lasted 00:15:05 (7802 turns).

bearlyready the Skirmisher (Gnoll Hunter)           Turns: 7802, Time: 00:15:06

Health: -11/126    AC:  8    Str: 14 (15) XL:     10   Next: 2%
Magic:  17/17      EV: 15    Int:  6 (7)  God:    Makhleb [**....]
Gold:   403        SH:  0    Dex: 16 (19) Spells: 19/19 levels left

rFire   + . .        b - +1 dagger (venom)
rCold   . . .        (no shield)
rNeg    . . .        q - +0 steam dragon scales
rPois   .            u - +0 helmet
rElec   .            (no cloak)
rCorr   .            o - +0 pair of gloves
SInv    .            (no boots)
Will    .....        (no amulet) Stlth
                     k - ring of wizardry
HPRegen 0.41/turn    (no ring)
MPRegen 0.15/turn

%: wizardry (x1)
@: confused, berserking, very quick
A: fangs 1, strong nose, distributed training, fire resistance 1, robust 1,
strong 1
a: Renounce Religion, Minor Destruction


You were on level 8 of the Dungeon.
You worshipped Makhleb.
Makhleb was pleased with you.
You visited 1 branch of the dungeon, and saw 8 of its levels.

You collected 403 gold pieces.

Inventory:

Hand Weapons
 a - a +0 shortbow
 b - a +1 dagger of venom (weapon)
 c - a +1 spear of venom
 n - a +0 dagger of draining
 y - a +2 flail of protection
Missiles
 f - 2 javelins
 i - 2 curare-tipped darts (quivered)
 j - 9 boomerangs
 x - 5 poisoned darts
Armour
 g - a +2 robe
 h - a +2 kite shield
 o - a +0 pair of gloves (worn)
 q - +0 steam dragon scales (worn)
 u - a +0 helmet (worn)
 z - a +2 scale mail of fire resistance
 I - a +0 hat
Jewellery
 k - a ring of wizardry (left hand)
 w - an amulet of faith
 E - a ring of see invisible
Talismans
 p - a flux talisman
 r - a maw talisman
Wands
 B - a wand of polymorph (1)
 J - a wand of flame (17)
Scrolls
 d - a scroll of teleportation {unknown}
 l - 2 scrolls of identify
 s - a scroll of enchant weapon
 D - 2 scrolls of revelation
 F - a scroll of fear {unknown}
 G - a scroll of silence {unknown}
Potions
 v - 3 potions of mutation
 K - a potion of haste {unknown}


   Skills:
 + Level 6.8 Fighting
 + Level 5.0 Short Blades
 + Level 5.0 Long Blades
 + Level 5.0 Axes
 + Level 5.0 Maces & Flails
 + Level 5.0 Polearms
 + Level 5.0 Staves
 + Level 9.9 Ranged Weapons
 + Level 5.0 Throwing
 + Level 5.0 Armour
 + Level 6.8 Dodging
 + Level 5.6 Stealth
 + Level 5.0 Shields
 + Level 5.0 Unarmed Combat
 + Level 5.0 Spellcasting
 + Level 4.1 Conjurations
 + Level 4.1 Hexes
 + Level 4.1 Summonings
 + Level 4.1 Necromancy
 + Level 4.1 Translocations
 + Level 4.1 Fire Magic
 + Level 4.1 Ice Magic
 + Level 4.1 Air Magic
 + Level 4.1 Earth Magic
 + Level 4.1 Alchemy
 + Level 5.5 Invocations
 + Level 5.0 Evocations
 + Level 4.5 Shapeshifting


You had 19 spell levels left.
You didn't know any spells.
Your spell library contained the following spells:

 Spells                   Type           Power      Damage    Failure   Level
 Magic Dart               Conj           24%        1d4       2%          1
 Blink                    Tloc           12%        N/A       3%          2
 Call Imp                 Summ           12%        N/A       3%          2
 Frozen Ramparts          Ice            12%        1d2       7%          3
 Leda's Liquefaction      Alch/Erth      3%         N/A       22%         4
 Petrify                  Alch/Erth      6%         N/A       22%         4
 Metabolic Englaciation   Hex/Ice        3%         N/A       50%         5


Dungeon Overview and Level Annotations

Branches:
Dungeon (8/15)             Temple (0/1) D:6
   Lair: D:8-11

Altars:
Cheibriados
Elyvilon
Gozag
Makhleb
Ru

Annotations:
D:7 1 runed translucent door, Crazy Yiuf


Innate Abilities, Weirdness & Mutations

You have very sharp teeth.
Your uncanny sense of smell can sniff out nearby items.
Your experience applies equally to all skills.
Your flesh is heat resistant. (rF+)
You are robust. (+10% HP)
Your muscles are strong. (Str +4, Int/Dex -1)


Message History

The air fills with toxic fumes!
As you read the scroll labelled OTOL RYDDUI, it crumbles to dust.
It was a scroll of poison.
You hear some strange, mumbled words.
You are confused.
The orc priest mumbles some strange prayers to Beogh against you.
You struggle to resist.
The orc misses you. The orc closely misses you.
You are too confused!
You are too confused!
Okay, then.
It was a potion of degeneration.
There was something very wrong with that liquid.
You feel weakened.
You feel dopey.
You feel clumsy. Something hits you but does no damage.
The orc priest hits you but does no damage.
The orc hits you with a +0 heavy flail!
* * * LOW HITPOINT WARNING * * *
Something barely misses you. The orc completely misses you.
You are too confused!
You hit the orc priest.
The orc priest is poisoned.
The orc priest is moderately wounded.
An orc wizard appears from thin air!
Reactivating autopickup.
The orc priest barely misses you.
The orc wizard hits you but does no damage.
It was a potion of magic.
Magic courses through your body. The orc barely misses you.
The orc priest hits you with a +0 club.
* * * LOW HITPOINT WARNING * * *
The orc wizard hits you but does no damage.
The orc hits you but does no damage.
Okay, then.
It was a potion of berserk rage.
A red film seems to cover your vision as you go berserk!
You feel yourself moving faster!
You feel mighty!
The orc wizard hits you with a +0 dagger of speed.
* * * LOW HITPOINT WARNING * * *
The orc hits you but does no damage.
The orc priest invokes the aid of Beogh against you.
Beogh smites you!
You die...

# +....# . ####. #....# ###
. #....#######....###.# .
#....§§§.........##.####.
......§§........)........
#.#####§#####.##)##.##..# #
###§#####............
####§###§§oo§§§#§##)#..##..#
#...§§§§§§o@§§§§§§§........#
#.##§§##§§§o§§§§§§§.........
..... #§§#§##§####..#.##..#
...>... #§§#§##.# #....#####
##[....§§§.§§§... ...#.. ∆
#######§§.§§§.∆ #.......#
§§..§§##. #. .. #§#.§### .#
#.#..# # ∆


You could see an orc priest (very poisoned), an orc wizard (poisoned) and 2
orcs.

Vanquished Creatures
  Joseph (D:7)
  Prince Ribbit (D:7)
  Sigmund (D:5)
  A steam dragon (D:7)
  Edmund (D:4)
  An orc warrior (D:8)
  2 sky beasts (D:7)
  A black bear (D:2)
  A centaur (D:5)
  4 ogres
  5 phantoms
  2 kobold brigands
  A bullfrog (D:7)
  2 scorpions
  Dowan (D:7)
  A killer bee (D:7)
  A howler monkey (D:7)
  A bombardier beetle (D:4)
  3 jellies
  2 gnoll boudas
  A hound (D:6)
  3 orc priests (D:6)
  Ijyb (D:4)
  5 iguanas
  An orc wizard (D:6)
  Robin (D:3)
  8 gnolls
  9 adders
  A river rat (D:4)
  A shadow imp (D:6)
  3 white imps
  2 ufetubi (D:6)
  A ribbon worm (D:2)
  5 dart slugs
  26 orcs
  9 bats
  8 endoplasms
  6 giant cockroaches
  18 goblins
  11 hobgoblins
  13 kobolds
  3 ball pythons
  2 frilled lizards (D:3)
  7 rats
178 creatures vanquished.

Notes
Turn   | Place    | Note
-------+----------+-------------------------------------------
     0 | D:1      | bearlyready the Gnoll Hunter began the quest for the Orb.
     0 | D:1      | Reached XP level 1. HP: 20/20 MP: 1/1
    92 | D:1      | Reached XP level 2. HP: 23/26 MP: 2/2
   758 | D:2      | Noticed a black bear
   767 | D:2      | Killed a black bear
   768 | D:2      | Reached skill level 1 in Short Blades
   768 | D:2      | Reached skill level 1 in Long Blades
   768 | D:2      | Reached skill level 1 in Axes
   768 | D:2      | Reached skill level 1 in Maces & Flails
   768 | D:2      | Reached skill level 1 in Polearms
   768 | D:2      | Reached skill level 1 in Staves
   768 | D:2      | Reached skill level 1 in Throwing
   768 | D:2      | Reached skill level 1 in Armour
   768 | D:2      | Reached skill level 1 in Shields
   768 | D:2      | Reached skill level 1 in Unarmed Combat
   768 | D:2      | Reached skill level 1 in Spellcasting
   768 | D:2      | Reached skill level 1 in Conjurations
   768 | D:2      | Reached skill level 1 in Hexes
   768 | D:2      | Reached skill level 1 in Summonings
   768 | D:2      | Reached skill level 1 in Necromancy
   768 | D:2      | Reached skill level 1 in Translocations
   768 | D:2      | Reached skill level 1 in Fire Magic
   768 | D:2      | Reached skill level 1 in Ice Magic
   768 | D:2      | Reached skill level 1 in Air Magic
   768 | D:2      | Reached skill level 1 in Earth Magic
   768 | D:2      | Reached skill level 1 in Alchemy
   768 | D:2      | Reached skill level 1 in Invocations
   768 | D:2      | Reached skill level 1 in Evocations
   768 | D:2      | Reached skill level 1 in Shapeshifting
   768 | D:2      | Reached XP level 3. HP: 24/31 MP: 2/4
   768 | D:2      | Reached XP level 4. HP: 30/38 MP: 2/5
   848 | D:2      | Reached XP level 5. HP: 37/43 MP: 7/7
  1578 | D:3      | Noticed Robin
  1602 | D:3      | Killed Robin
  1755 | D:3      | Found a sacrificial altar of Ru.
  1899 | D:3      | Found a burning altar of Makhleb.
  1934 | D:3      | Became a worshipper of Makhleb the Destroyer
  2034 | D:4      | Found an opulent altar of Gozag.
  2120 | D:4      | Reached XP level 6. HP: 47/50 MP: 8/8
  2160 | D:4      | Noticed Edmund
  2184 | D:4      | HP: 2/50 [Edmund/+2 flail of protection (9)]
  2187 | D:4      | Killed Edmund
  2188 | D:4      | Reached skill level 5 in Fighting
  2188 | D:4      | Reached skill level 5 in Dodging
  2311 | D:4      | Found a white marble altar of Elyvilon.
  2364 | D:4      | Noticed Ijyb
  2375 | D:4      | Killed Ijyb
  2662 | D:4      | Reached XP level 7. HP: 33/56 MP: 10/10
  2937 | D:5      | Entered Level 5 of the Dungeon
  3280 | D:5      | Reached skill level 9 in Ranged Weapons
  3643 | D:5      | Reached * piety under Makhleb
  3644 | D:5      | Reached XP level 8. HP: 35/63 MP: 12/12
  4150 | D:5      | Noticed Sigmund
  4159 | D:5      | Killed Sigmund
  4774 | D:6      | Reached XP level 9. HP: 49/69 MP: 14/14
  4869 | D:6      | Found a staircase to the Ecumenical Temple.
  5097 | D:6      | Found a snail-covered altar of Cheibriados.
  5746 | D:7      | Noticed Prince Ribbit
  5761 | D:7      | Killed Prince Ribbit
  6167 | D:7      | Reached skill level 5 in Stealth
  6348 | D:7      | Noticed Dowan
  6363 | D:7      | Killed Dowan
  6442 | D:7      | Reached skill level 5 in Invocations
  6701 | D:7      | Reached ** piety under Makhleb
  6888 | D:7      | Noticed Duvessa
  6901 | D:7      | Duvessa changed into Duvessa the howler monkey
  6901 | D:7      | Noticed Duvessa
  6911 | D:7      | Killed Duvessa the howler monkey
  6938 | D:7      | Noticed Joseph
  7240 | D:7      | Found a runed translucent door.
  7241 | D:7      | Noticed Crazy Yiuf
  7401 | D:7      | Killed Joseph
  7696 | D:8      | Reached skill level 5 in Short Blades
  7696 | D:8      | Reached skill level 5 in Long Blades
  7696 | D:8      | Reached skill level 5 in Axes
  7696 | D:8      | Reached skill level 5 in Maces & Flails
  7696 | D:8      | Reached skill level 5 in Polearms
  7696 | D:8      | Reached skill level 5 in Staves
  7696 | D:8      | Reached skill level 5 in Throwing
  7696 | D:8      | Reached skill level 5 in Armour
  7696 | D:8      | Reached skill level 5 in Shields
  7696 | D:8      | Reached skill level 5 in Unarmed Combat
  7696 | D:8      | Reached skill level 5 in Spellcasting
  7696 | D:8      | Reached skill level 5 in Evocations
  7702 | D:8      | Reached XP level 10. HP: 68/77 MP: 17/17
  7792 | D:8      | Gained mutation: You are robust. (+10% HP) [potion of
                  | mutation]
  7792 | D:8      | Gained mutation: Your flesh is heat resistant. (rF+)
                  | [potion of mutation]
  7792 | D:8      | Gained mutation: Your muscles are strong. (Str +4, Int/Dex
                  | -1) [potion of mutation]
  7793 | D:8      | HP: 1/84 [orc/+0 whip (4)]
  7801 | D:8      | HP: 4/84 [orc priest/+0 club (2)]
  7802 | D:8      | Killed from afar by an orc priest

Illustrated notes

Levels and vault maps discovered:
D:1:      dpeg_arrival_court, layout_basic, minmay_cut_off
D:2:      layout_rooms
D:3:      layout_rooms, nicolae_overflow_crystal_walls, lemuel_doored_altar,
          uniq_robin
D:4:      layout_loops_ring, elyvilon_altar_4, grunt_gozag_breadcrumbs,
          portal_sewer_entry_e, hangedman_decor_opposing, nicolae_goblin_pals,
          uniq_edmund
D:5:      layout_layer_cave, uniq_ijyb, uniq_sigmund
D:6:      layout_basic, lemuel_tele_altar, minmay_temple_entry_offerings
D:7:      layout_loops_ring, uniq_prince_ribbit1, uniq_crazy_yiuf_cottage,
          uniq_duvessa, uniq_joseph
D:8:      layout_basic, ebering_ghost_rock_garden, minmay_lizard_king

Skill      XL: |  1  2  3  4  5  6  7  8  9 |
---------------+----------------------------+-----
Short Blades   | 1 2 3 5 |  5.0
Long Blades    | 1 2 3 5 |  5.0
Axes           | 1 2 3 5 |  5.0
Maces & Flails | 1 2 3 5 |  5.0
Polearms       | 1 2 3 5 |  5.0
Staves         | 1 2 3 5 |  5.0
Throwing       | 1 2 3 5 |  5.0
Armour         | 1 2 3 5 |  5.0
Shields        | 1 2 3 5 |  5.0
Unarmed Combat | 1 2 3 5 |  5.0
Spellcasting   | 1 2 3 5 |  5.0
Conjurations   | 1 2 3 4 |  4.1
Hexes          | 1 2 3 4 |  4.1
Summonings     | 1 2 3 4 |  4.1
Necromancy     | 1 2 3 4 |  4.1
Translocations | 1 2 3 4 |  4.1
Fire Magic     | 1 2 3 4 |  4.1
Ice Magic      | 1 2 3 4 |  4.1
Air Magic      | 1 2 3 4 |  4.1
Earth Magic    | 1 2 3 4 |  4.1
Alchemy        | 1 2 3 4 |  4.1
Invocations    | 1 2 3 4 5 |  5.5
Evocations     | 1 2 3 5 |  5.0
Shapeshifting  | 1 2 3 4 |  4.5
Stealth        | 3 4 5 |  5.6
Fighting       | 5 6 |  6.8
Dodging        | 5 6 |  6.8
Ranged Weapons | 9 |  9.9

Action                     |  1- 3 |  4- 6 |  7- 9 | 10-12 || total
---------------------------+-------+-------+-------+-------++-------
  Melee: Dagger            |     3 |    39 |   200 |    19 ||   261
         Bite              |     2 |     5 |    29 |     1 ||    37
         Punch             |       |     1 |     4 |       ||     5
         Unarmed           |       |    21 |       |       ||    21
   Fire: Shortbow          |    61 |   200 |   327 |       ||   588
  Evoke: Wand              |       |       |     3 |       ||     3
    Use: Potion            |       |     1 |     1 |     7 ||     9
         Scroll            |       |       |     3 |     3 ||     6
   Stab: Confused          |       |     1 |       |       ||     1
         Sleeping          |       |       |     1 |       ||     1
 Armour: Leather armour    |    18 |    58 |    93 |       ||   169
         Skin              |       |     2 |       |       ||     2
         Steam dragon scal |       |       |    50 |    38 ||    88
         Robe              |       |       |    10 |       ||    10
         Scale mail        |       |       |     1 |       ||     1
  Dodge: Dodged            |    14 |    81 |   223 |    31 ||   349
